 Dungeon Sprint DCSS version 0.20.1-1-g8b1a95d (webtiles) character file.

691 vatarom the Cruncher (level 7, -7/90 HPs)
             Began as a Demonspawn Gladiator on Oct 24, 2017.
             Was an Initiate of Ru.
             Mangled by a toenail golem (11 damage)
             ... in the Dungeon (Sprint V: "Ziggurat Sprint").
             The game lasted 00:01:54 (178 turns).

vatarom the Cruncher (Demonspawn Gladiator)          Turns: 178, Time: 00:01:55

Health: -7/90      AC:  4    Str: 19    XL:     7   Next: 36%
Magic:  7/7        EV: 17    Int: 10    God:    Ru [......]
Gold:   0          SH:  0    Dex: 16    Spells: 6/6 levels left

rFire    + . .     SeeInvis .   l - +5 lajatang
rCold    . . .     Gourm    .   (shield currently unavailable)
rNeg     . . .     Faith    .   b - +0 leather armour
rPois    .         Spirit   .   (helmet restricted)
rElec    .         Reflect  .   (no cloak)
rCorr    .         Harm     .   (no gloves)
MR       .....     NoTele   +   (no boots)
Stlth    ..........             (no amulet)
Regen    0.3/turn               (no ring)
MPRegen  0.1/turn               (no ring)

@: berserking (expiring), very quick
A: antennae 1, rugged brown scales 1, fire resistance 1
a: Renounce Religion


You were in the Dungeon.
You worshipped Ru.
Ru was noncommittal.
You were not hungry.

You visited 1 branch

Inventory:

Hand Weapons
 a - a +0 quarterstaff
 l - a +5 lajatang (weapon)
Missiles
 d - 3 throwing nets (quivered)
Armour
 b - a +0 leather armour (worn)
 c - a +0 helmet
 A - +5 gold dragon scales
Jewellery
 m - a +6 ring of dexterity
 n - a +6 ring of dexterity
 o - a +6 ring of intelligence
 p - a +6 ring of intelligence
 q - a +6 ring of strength
 r - a +6 ring of strength
Wands
 s - a wand of disintegration (7/24)
 t - a wand of iceblast (5/15)
 u - a wand of lightning (5/15)
 v - a wand of acid (5/15)
Scrolls
 k - 4 scrolls of blinking
 y - 4 scrolls of amnesia
 D - 3 scrolls of recharging
 E - 7 scrolls of fog
 F - 5 scrolls of identify
 G - 5 scrolls of remove curse
 H - 2 scrolls of fear
Potions
 e - 10 potions of curing
 g - 9 potions of heal wounds
 h - 5 potions of haste
 i - 7 potions of magic
 j - 2 potions of berserk rage
 w - 2 potions of brilliance
 x - 2 potions of invisibility
 z - 4 potions of resistance
 B - 5 potions of agility
 C - 5 potions of might
Miscellaneous
 K - a lightning rod (4/4)
Comestibles
 f - 5 bread rations
 I - 42 fruits
 J - 4 meat rations


   Skills:
 + Level 6.8 Fighting
   Level 2.2 Short Blades
 + Level 9.5 Staves
 + Level 5.1 Throwing
 + Level 3.0 Armour
 + Level 8.3 Dodging
 + Level 2.1 Unarmed Combat


You had 6 spell levels left.
You didn't know any spells.

Dungeon Overview and Level Annotations

Branches:
Dungeon (1/1)

Altars:
Ashenzari
Cheibriados
Dithmenos
Elyvilon
Fedhas
Gozag
Hepliaklqana
Kikubaaqudgha
Makhleb
Nemelex Xobeh
Okawaru
Qazlal
Ru
Sif Muna
Trog
Uskayaw
Vehumet
Xom
Yredelemnul
Zin
The Shining One
Beogh
Jiyva
Lugonu

Annotations:
D 1 transporter


Innate Abilities, Weirdness & Mutations

You have a pair of small antennae on your head.
You are partially covered in rugged brown scales. (AC +1, +3% HP)
Your flesh is heat resistant. (rF+)


Message History

You completely miss the toenail golem.
The toenail golem is severely damaged.
The toenail golem closely misses you. The toenail golem hits you!
* * * LOW HITPOINT WARNING * * *
You slash the toenail golem!
The toenail golem is almost destroyed.
The toenail golem hits you!
* * * LOW HITPOINT WARNING * * *
You are too berserk!
You slice the toenail golem!!
You destroy the toenail golem!
Your Fighting skill increases to level 6!
Your Staves skill gained 2 levels and is now at level 9!
Your Throwing skill increases to level 5!
Your Armour skill increases to level 3!
Your Dodging skill increases to level 8!
You have reached level 7!
You are too berserk!
You barely miss the toenail golem. The toenail golem hits you!
You die...

▓▓▓▓▓▓▓▓▓▓▓▓▓
▓.8©8.▓.8©8.▓
▓."|).▓.....▓
▓.....▓.|.|.▓
▓...8.▓.....▓
▓..@..▓.....▓
▓.....▓.....▓
▓.....▓▓▓▓▓▓▓
▓▓▓▓▓▓▓


You could see a toenail golem.

Vanquished Creatures
  2 toenail golems (D)
  An ufetubus (D)
  A ball python skeleton (D)
4 creatures vanquished.

Notes
Turn   | Place    | Note
-------+----------+-------------------------------------------
     0 | D        | vatarom the Demonspawn Gladiator began the quest for the Orb.
     0 | D        | Reached XP level 1. HP: 16/16 MP: 1/1
     0 | D        | Found a blossoming altar of Fedhas.
     1 | D        | Found a transporter.
     1 | D        | Found a viscous altar of Jiyva.
     1 | D        | Found an ancient bone altar of Kikubaaqudgha.
     1 | D        | Found a hazy altar of Hepliaklqana.
     1 | D        | Found a corrupted altar of Lugonu.
     1 | D        | Found an opulent altar of Gozag.
     1 | D        | Found a burning altar of Makhleb.
     5 | D        | Found a stormy altar of Qazlal.
     5 | D        | Found an iron altar of Okawaru.
     5 | D        | Found a sacrificial altar of Ru.
     5 | D        | Found a sparkling altar of Nemelex Xobeh.
     5 | D        | Found a deep blue altar of Sif Muna.
     5 | D        | Found a bloodstained altar of Trog.
    69 | D        | Reached skill level 3 in Staves
    69 | D        | Gained mutation: You have a pair of small antennae on your head. [demonic ancestry]
    69 | D        | Reached XP level 2. HP: 24/24 MP: 2/2
   110 | D        | Became a worshipper of Ru the Awakened
   125 | D        | Entered arena 2.
   125 | D        | Found a transporter.
   165 | D        | Entered arena 3.
   165 | D        | Noticed a toenail golem
   165 | D        | Noticed a toenail golem
   165 | D        | Noticed a toenail golem
   165 | D        | Found a transporter.
   171 | D        | Killed a toenail golem
   171 | D        | Reached skill level 5 in Fighting
   171 | D        | Reached skill level 7 in Staves
   171 | D        | Reached XP level 3. HP: 26/34 MP: 3/3
   171 | D        | Gained mutation: You are partially covered in rugged brown scales. (AC +1, +3% HP) [demonic ancestry]
   171 | D        | Reached XP level 4. HP: 26/41 MP: 4/4
   171 | D        | Gained mutation: Your flesh is heat resistant. (rF+) [demonic ancestry]
   171 | D        | Reached XP level 5. HP: 30/47 MP: 5/5
   171 | D        | Reached XP level 6. HP: 34/53 MP: 6/6
   176 | D        | HP: 3/79 [toenail golem (12)]
   177 | D        | Killed a toenail golem
   177 | D        | Reached skill level 9 in Staves
   177 | D        | Reached skill level 5 in Throwing
   177 | D        | Reached XP level 7. HP: 4/60 MP: 7/7
   178 | D        | Mangled by a toenail golem

Skill      XL: |  1  2  3  4  5  6 |
---------------+-------------------+-----
Fighting       | 3 5 6 |  6.8
Short Blades   | 2 |  2.2
Staves         | 3 7 9 |  9.5
Throwing       | 3 4 5 |  5.1
Armour         | 2 3 |  3.0
Dodging        | 3 7 8 |  8.3
Unarmed Combat | 2 |  2.1

Action                   |  1- 3 |  4- 6 |  7- 9 || total
-------------------------+-------+-------+-------++-------
Melee: Lajatang          |    10 |     6 |     1 ||    17
  Use: Potion            |     4 |       |       ||     4
Armor: Leather armour    |     8 |       |       ||     8
Dodge: Dodged            |    21 |     6 |       ||    27
